 Dungeon Crawl Stone Soup version 0.22.1-2-g9c5b331 (webtiles) character file.

46 whitewolfNL the Cudgeler (level 3, 0/33 HPs)
             Began as a Minotaur Berserker on Nov 17, 2018.
             Was a Believer of Trog.
             Slain by a jackal (2 damage)
             ... on level 3 of the Dungeon.
             The game lasted 00:06:39 (1892 turns).

whitewolfNL the Cudgeler (Minotaur Berserker)       Turns: 1892, Time: 00:06:43

Health: 0/33       AC:  8    Str: 21    XL:     3   Next: 46%
Magic:  2/2        EV:  8    Int:  5    God:    Trog [**....]
Gold:   67         SH:  0    Dex:  9    Spells: 2/2 levels left

rFire    . . .     SeeInvis .   d - +2 whip (distort)
rCold    . . .     Gourm    .   (no shield)
rNeg     . . .     Faith    .   i - -1 chain mail (curse)
rPois    .         Spirit   .   (helmet restricted)
rElec    .         Reflect  .   (no cloak)
rCorr    .         Harm     .   (no gloves)
MR       .....                  (no boots)
Stlth    ..........             b - amulet of rage
HPRegen  0.11/turn              (no ring)
MPRegen  0.08/turn              (no ring)

@: berserk cooldown, slowed, very slow
A: retaliatory headbutt, horns 2
a: Berserk, Trog's Hand, Renounce Religion, Evoke Berserk Rage


You were on level 3 of the Dungeon.
You worshipped Trog.
Trog was pleased with you.
You were near starving.

You visited 1 branch of the dungeon, and saw 3 of its levels.

You collected 67 gold pieces.

Inventory:

Hand Weapons
 d - a +2 whip of distortion (weapon)
Missiles
 f - 27 sling bullets
 g - 9 stones (quivered)
 m - 27 arrows
Armour
 i - a cursed -1 chain mail (worn)
Jewellery
 b - an amulet of rage (around neck)
 l - an uncursed ring of magical power
Scrolls
 a - a scroll of fog {unknown}
 e - 2 scrolls of teleportation {unknown}
 h - 3 scrolls of remove curse {unknown}
 k - a scroll of enchant weapon {unknown}
 o - a scroll of identify {unknown}
Comestibles
 c - 4 rations


   Skills:
 + Level 4.0 Fighting
 * Level 4.5 Maces & Flails
 * Level 2.9 Armour
 * Level 2.5 Dodging
 * Level 0.7 Stealth


You had 2 spell levels left.
You didn't know any spells.
Your spell library was empty.

Dungeon Overview and Level Annotations

Branches:
Dungeon (3/15)

Altars:


Innate Abilities, Weirdness & Mutations

You reflexively headbutt those who attack you in melee.
You have a pair of horns on your head.


Message History

Something hits you but does no damage. The jackal closely misses you.
The jackal bites you.
* * * LOW HITPOINT WARNING * * *
Something hits you but does no damage.
The jackal bites you but does no damage.
The jackal closely misses you.
A giant cockroach comes into view.
The jackal bites you.
* * * LOW HITPOINT WARNING * * *
Something hits you but does no damage. The jackal barely misses you.
The jackal bites you but does no damage.
The jackal closely misses you.
An orc comes into view. It is wielding a flail.
It was a potion of berserk rage.
You're still recovering from your berserk rage.
You feel less confused.
The orc shouts!
The jackal bites you but does no damage. x2
The jackal bites you.
You die...

...............
................
...................#
...................#
...................###
...............>.....
..o................##
...s.....@..........#
........hhh.........#
.......[..........<.#
...........(.......##
......................#
...####################
.. #


You could see an orc, 3 jackals and a giant cockroach.

Vanquished Creatures
  An adder (D:2)
  A dart slug (D:2)
  A leopard gecko (D:1)
  3 orcs (D:3)
  3 bats
  2 giant cockroaches
  A goblin (D:1)
  2 hobgoblins
  A jackal (D:3)
  8 kobolds
  A ball python (D:1)
  2 frilled lizards (D:2)
  4 rats (D:1)
30 creatures vanquished.

Notes
Turn   | Place    | Note
-------+----------+-------------------------------------------
     0 | D:1      | whitewolfNL the Minotaur Berserker began the quest for the
                  | Orb.
     0 | D:1      | Reached XP level 1. HP: 19/19 MP: 0/0
   306 | D:1      | Reached XP level 2. HP: 26/27 MP: 1/1
  1240 | D:2      | Reached XP level 3. HP: 25/33 MP: 2/2
  1877 | D:3      | Reached ** piety under Trog
  1891 | D:3      | HP: 1/33 [jackal (1)]
  1892 | D:3      | Slain by a jackal

Skill      XL: |  1  2  3 |
---------------+----------+-----
Maces & Flails | 4 |  4.5
Fighting       | 4 |  4.0
Armour         | |  2.9
Dodging        | |  2.5
Stealth        | |  0.7

Action                   || total
-------------------------++-------
Melee: Mace              ||    44
       Headbutt          ||     4
       Whip              ||    14
Invok: Berserk           ||     1
  Use: Potion            ||     1
  Eat: Chunk             ||     2
Armor: Ring mail         ||     7
       Scale mail        ||     9
       Chain mail        ||    26
Dodge: Dodged            ||    45
